 Dungeon Crawl Stone Soup version 0.31-a0-145-g046c7d2549 (webtiles) character file.

Game seed: 17136443591212334388

8430 Faragor the Thaumaturge (level 11, -11/54 HPs)
             Began as a Deep Elf Ice Elementalist on June 4, 2023.
             Was a Believer of Sif Muna.
             Mangled by a shadow (14 damage)
             ... on level 10 of the Dungeon.
             The game lasted 02:52:00 (24073 turns).

Faragor the Thaumaturge (DEIE)                     Turns: 24073, Time: 02:52:01

Health: -11/54     AC: 12    Str:  5    XL:     11   Next: 9%
Magic:  0/31       EV: 12    Int: 25    God:    Sif Muna [**....]
Gold:   294        SH:  0    Dex: 15    Spells: 5/39 levels left

rFire   . . .        M - +3 falchion (flame)
rCold   . . .        (no shield)
rNeg    + . .        A - +0 steam dragon scales
rPois   .            (no helmet)
rElec   .            l - +0 cloak
rCorr   .            s - +0 pair of gloves
SInv    .            n - +2 pair of boots {Fly}
Will    +....        b - amulet of guardian spirit
Stlth   ++           z - ring of wizardry
HPRegen 0.29/turn    P - ring of positive energy
MPRegen 0.22/turn

%: guardian spirit, wizardry (x1)
@: flying
A: iridescent scales 1, sense surroundings 1, wild magic 1
a: Renounce Religion, Channel Magic


You were on level 10 of the Dungeon.
You worshipped Sif Muna.
Sif Muna was pleased with you.
You visited 1 branch of the dungeon, and saw 10 of its levels.

You collected 1062 gold pieces.
You spent 768 gold pieces at shops.

Inventory:

Hand Weapons
 v - a +0 spear of freezing
 y - a +2 flail of draining
 C - a +0 dagger of venom
 D - a +3 dagger
 J - a +1 glaive of flaming
 K - a +4 dagger
 M - a +3 falchion of flaming (weapon)
Missiles
 p - 6 javelins
 u - 2 throwing nets
Armour
 a - a +1 robe
 l - a +0 cloak (worn)
 n - a +2 pair of boots of flying (worn)
 o - a +0 helmet
 q - a +0 buckler
 s - a +0 pair of gloves (worn)
 A - +0 steam dragon scales (worn)
Magical Staves
 G - a staff of earth
Jewellery
 b - an amulet of guardian spirit (around neck)
 z - a ring of wizardry (left hand)
 E - a +6 ring of strength
 L - an amulet of faith
 O - a ring of fire
 P - a ring of positive energy (right hand)
Scrolls
 c - a scroll of brand weapon {unknown}
 g - a scroll of enchant armour
 h - 4 scrolls of magic mapping
 i - 3 scrolls of identify
 j - a scroll of silence
 k - a scroll of fog
 x - 2 scrolls of noise
 B - a scroll of acquirement {unknown}
 F - a scroll of amnesia
 H - 4 scrolls of enchant weapon {unknown}
 Q - a scroll of immolation
Potions
 d - 4 potions of lignification {unknown}
 m - a potion of degeneration
 r - a potion of mutation
 t - a potion of might {unknown}


   Skills:
 - Level 2.6 Dodging
 - Level 2.6 Stealth
 * Level 14.8 Spellcasting
 + Level 4.6 Necromancy
 - Level 2.2 Translocations
 + Level 11.0 Ice Magic
 + Level 7.8 Air Magic


You had 5 spell levels left.
You knew the following spells:

 Your Spells              Type           Power      Damage    Failure   Level
a - Freeze                Ice            100%       1d10      1%          1
b - Frozen Ramparts       Ice            100%       1d16      1%          3
c - Ozocubu's Armour      Ice            77%        N/A       1%          3
d - Summon Ice Beast      Ice/Summ       56%        N/A       2%          4
e - Airstrike             Air            33%        2d(5-21)  1%          4
f - Blink                 Tloc           76%        N/A       1%          2
g - Summon Lightning Spi  Summ/Air       49%        N/A       4%          4
h - Dispel Undead         Necr           52%        3d19      3%          4
i - Fulminant Prism       Conj/Hex       12%        3d9       16%         4
j - Borgnjor's Vile Clut  Necr/Erth      19%        N/A       17%         5

Your spell library contained the following spells:

 Spells                   Type           Power      Damage    Failure   Level
 Kiss of Death            Conj/Necr      100%       2d13      1%          1
 Static Discharge         Conj/Air       98%        2-7/arc   1%          2
 Hailstorm                Conj/Ice       56%        3d12      1%          3
 Scorch                   Fire           48%        2d7       3%          2
 Animate Dead             Necr           52%        N/A       3%          4
 Portal Projectile        Hex/Tloc       62%        N/A       4%          3
 Confusing Touch          Hex            24%        N/A       5%          3
 Inner Flame              Hex/Fire       24%        N/A       5%          3
 Tukima's Dance           Hex            24%        N/A       5%          3
 Metabolic Englaciation   Hex/Ice        28%        N/A       5%          5
 Passage of Golubria      Tloc           38%        N/A       7%          4
 Flame Wave               Conj/Fire      24%        2d8       16%         4
 Sticky Flame             Conj/Fire      24%        2d5       16%         4
 Yara's Violent Unravell  Hex/Tmut       12%        3d7       38%         5
 Death Channel            Necr           26%        N/A       32%         6
 Summon Cactus Giant      Summ           12%        N/A       89%         6


Dungeon Overview and Level Annotations

Branches:
Dungeon (10/15)            Temple (0/1) D:7            Lair (0/5) D:10
    Orc: D:9-12

Altars:
Kikubaaqudgha
Okawaru
Qazlal
Sif Muna
Uskayaw
Yredelemnul
Zin
The Shining One
Jiyva

Shops:
D:1 *[=[   D:4 ??:?   D:6 (   D:9 =

Annotations:
D:1 Negozio Oggetti
D:4 Negozio Libri
D:9 ring of int centro-destra
D:10 Urug


Innate Abilities, Weirdness & Mutations

You are partially covered in iridescent scales. (AC +2)
You passively map a small area around you.
Your spells are a little harder to cast, but a little more powerful.


Message History

You closely miss the shadow. The shadow hits you.
You barely miss the shadow.
The shadow slips into darkness.
The shadow flickers and vanishes!
Deactivating autopickup; reactivate with Ctrl-A.
Your icy armour will break if you move.
Continue? [Y]es or [N]o only, please.
Your icy armour will break if you move.
Continue? [Y]es or [N]o only, please.
Your icy armour will break if you move.
Continue? [Y]es or [N]o only, please.
Your icy armour will break if you move.
Continue?
Okay, then.
Your icy armour will break if you move.
Continue? [Y]es or [N]o only, please.
Your icy armour will break if you move.
Continue? [Y]es or [N]o only, please.
Your icy armour will break if you move.
Continue?
Okay, then.
The shadow strikes at you from the darkness!
* * * LOW HITPOINT WARNING * * *
Reactivating autopickup.
Casting: Freeze (safe; 1% risk of failure)
Confirm with . or Enter, or press ? or * to list all spells.
Aiming: Freeze (safe; 1% risk of failure)
Press: ? - help, Shift-Dir - straight line, f/p - shadow
Aim: a shadow (poison gas)
You freeze the shadow but do no damage.
The shadow completely resists.
Your icy armour evaporates.
The shadow hits you.
The centaur shouts!
The centaur wields a +0 shortbow.
The centaur shoots an arrow.
The arrow hits you but does no damage. The shadow barely misses you.
The shadow slips into darkness.
The shadow flickers and vanishes!
Deactivating autopickup; reactivate with Ctrl-A.
There is a stone staircase leading down, spattered with blood here.
The centaur shoots an arrow.
The shadow strikes at you from the darkness!
You die...

* * * ####### ####### .. ,
#.....# #.....# .#* #.....#
#.....# .###### *
#.....#####.....####.#.....
'.....'.........@.........#*
#.....########'#{....?....#
####### , ,#.#..........# ,,
.#.#.††.....###
c...c..........#, *,
#.#.###...###..# *
####.....## # , , #.......#
.# * * ####.......#...


You could see a centaur.

Vanquished Creatures
  An elephant (D:10)
  Maggie (D:8)
  4 yaks
  A wyvern (D:8)
  2 steam dragons
  Menkaure (D:7)
  Edmund (D:4)
  2 water moccasins (D:6)
  2 orc warriors
  A sky beast (D:6)
  2 black bears
  2 ogres
  3 centaurs
  3 kobold brigands
  7 bullfrogs
  A gnoll sergeant (D:9)
  5 scorpions
  3 wights (D:9)
  3 killer bees (D:10)
  3 howler monkeys
  3 hounds
  A jelly (D:5)
  4 orc priests
  A gnoll bouda (D:5)
  4 iguanas
  12 orc wizards
  8 gnolls
  7 adders
  2 worms
  9 dart slugs (D:3)
  20 orcs
  4 ball pythons
  7 endoplasms
  5 giant cockroaches
  7 goblins
  5 hobgoblins
  12 kobolds
  3 quokkas
  3 bats
  5 frilled lizards
  8 rats
178 creatures vanquished.

Vanquished Creatures (collateral kills)
  Prince Ribbit (D:7)
  A wyvern (D:9)
  5 yaks
  A basilisk (D:10)
  3 orc warriors
  A sky beast (D:8)
  2 ogres
  A phantom (D:5)
  4 centaurs (D:9)
  A bullfrog (D:7)
  2 kobold brigands (D:9)
  4 wights (D:9)
  6 killer bees (D:9)
  4 howler monkeys
  An orc priest (D:8)
  4 jellies (D:8)
  5 orc wizards
  3 gnolls
  9 orcs
  8 kobolds
66 creatures vanquished.

Vanquished Creatures (others)
  A human (D:3)
  An orc wizard (D:8)
  A fulminant prism (D:9)
3 creatures vanquished.

Grand Total: 247 creatures vanquished

Notes
Turn   | Place    | Note
-------+----------+-------------------------------------------
     0 | D:1      | Faragor the Deep Elf Ice Elementalist began the quest for
                  | the Orb.
     0 | D:1      | Reached XP level 1. HP: 10/10 MP: 6/6
    80 | D:1      | Found Fiarokh's Jewellery Shop.
    89 | D:1      | Found Xohiast's Antique Armour Shoppe.
   170 | D:1      | Found a faded altar of an unknown god.
   344 | D:1      | Reached XP level 2. HP: 15/15 MP: 6/8
   388 | D:1      | Found Romuy's Armour Shoppe.
   814 | D:1      | Found Afokhoph's General Store.
  1154 | D:2      | Reached XP level 3. HP: 15/19 MP: 7/10
  1158 | D:2      | Learned a level 3 spell: Frozen Ramparts
  1162 | D:2      | Learned a level 3 spell: Ozocubu's Armour
  1272 | D:2      | Found a hide-covered altar of Uskayaw.
  1330 | D:2      | Reached skill level 4 in Spellcasting
  1349 | D:2      | Reached skill level 5 in Ice Magic
  2793 | D:3      | Reached XP level 4. HP: 18/24 MP: 5/12
  3261 | D:3      | Found a stormy altar of Qazlal.
  3542 | D:3      | Reached skill level 5 in Spellcasting
  3898 | D:3      | Reached XP level 5. HP: 23/28 MP: 7/14
  4011 | D:3      | Found an ancient bone altar of Kikubaaqudgha.
  4014 | D:3      | Noticed a human
  4016 | D:3      | Killed a human
  5052 | D:3      | Learned a level 4 spell: Summon Ice Beast
  5131 | D:4      | Noticed an ogre
  5344 | D:4      | Found Taissomm's Magic Scroll Shoppe.
  5621 | D:4      | Reached skill level 6 in Spellcasting
  5823 | D:4      | Found Xoaboc's Magic Scroll Boutique.
  6504 | D:4      | Found Qoaper's Magic Scroll Boutique.
  6577 | D:4      | Noticed Edmund
  6625 | D:4      | Found Zoarun's Book Shop.
  6632 | D:4      | Bought a book of Storms for 286 gold pieces
  6637 | D:4      | Learned a level 4 spell: Airstrike
  6689 | D:5      | Entered Level 5 of the Dungeon
  6726 | D:5      | Noticed a phantom
  6736 | D:5      | Reached XP level 6. HP: 30/32 MP: 7/17
  6740 | D:5      | Reached skill level 7 in Spellcasting
  7394 | D:5      | Reached XP level 7. HP: 36/36 MP: 6/20
  7818 | D:5      | Reached skill level 8 in Spellcasting
  7818 | D:5      | Reached skill level 1 in Air Magic
  8087 | D:6      | Found Feprot's Antique Weapon Shoppe.
  9602 | D:6      | Reached skill level 9 in Spellcasting
  9602 | D:6      | Reached XP level 8. HP: 41/41 MP: 9/23
 10628 | D:6      | Got the Folio of the Icicle and the Geodesic
 10632 | D:6      | Learned a level 2 spell: Blink
 11109 | D:4      | Killed Edmund
 11110 | D:4      | Reached skill level 10 in Spellcasting
 11868 | D:4      | Found a glowing silver altar of Zin.
 11882 | D:4      | Found a hide-covered altar of Uskayaw.
 13001 | D:5      | Learned a level 4 spell: Summon Lightning Spire
 13208 | D:7      | Found a glowing golden altar of the Shining One.
 13287 | D:7      | Reached skill level 5 in Air Magic
 13487 | D:7      | Reached XP level 9. HP: 45/45 MP: 21/25
 13693 | D:7      | Found a shimmering blue altar of Sif Muna.
 13701 | D:7      | Reached skill level 11 in Spellcasting
 13803 | D:7      | Became a worshipper of Sif Muna the Loreminder
 13944 | D:6      | Gained mutation: You have a pair of small antennae on your
                  | head. [potion of mutation]
 13944 | D:6      | Gained mutation: You are partially covered in large bone
                  | plates. (SH +4) [potion of mutation]
 14025 | D:7      | Noticed Prince Ribbit
 14032 | D:7      | Killed Prince Ribbit
 14819 | D:7      | Found a staircase to the Ecumenical Temple.
 14900 | D:7      | Noticed Menkaure
 14905 | D:7      | Killed Menkaure
 15072 | D:7      | Found an iron altar of Okawaru.
 15353 | D:8      | Reached skill level 12 in Spellcasting
 15798 | D:8      | Learned a level 4 spell: Dispel Undead
 15816 | D:8      | Found a viscous altar of Jiyva.
 16287 | D:8      | Reached skill level 1 in Translocations
 16451 | D:8      | Reached skill level 10 in Ice Magic
 16451 | D:8      | Reached XP level 10. HP: 50/50 MP: 25/28
 17368 | D:8      | Noticed Maggie
 17375 | D:8      | Killed Maggie
 17376 | D:8      | Reached skill level 13 in Spellcasting
 17417 | D:8      | Got the Handbook of the Jinx
 17436 | D:8      | Learned a level 4 spell: Fulminant Prism
 17442 | D:8      | Learned a level 5 spell: Borgnjor's Vile Clutch
 18335 | D:8      | Reached * piety under Sif Muna
 18336 | D:8      | Reached skill level 1 in Necromancy
 19098 | D:9      | Found a basalt altar of Yredelemnul.
 19225 | D:9      | Found Teupli's Jewellery Boutique.
 20281 | D:1      | Bought a ring of wizardry for 330 gold pieces
 21228 | D:9      | Reached skill level 14 in Spellcasting
 21935 | D:10     | Entered Level 10 of the Dungeon
 21971 | D:10     | Reached ** piety under Sif Muna
 21972 | D:10     | Noticed an elephant
 22263 | D:10     | Noticed Urug
 23518 | D:4      | Bought a scroll of blinking for 75 gold pieces
 23575 | D:4      | Bought a scroll of teleportation for 33 gold pieces
 23575 | D:4      | Bought a scroll of fear for 44 gold pieces
 24018 | D:10     | Found a staircase to the Lair.
 24034 | D:10     | Reached XP level 11. HP: 27/54 MP: 2/31
 24062 | D:10     | Lost mutation: You are partially covered in large bone
                  | plates. (SH +4) [potion of mutation]
 24062 | D:10     | Lost mutation: You have a pair of small antennae on your
                  | head. [potion of mutation]
 24062 | D:10     | Gained mutation: You are partially covered in iridescent
                  | scales. (AC +2) [potion of mutation]
 24062 | D:10     | Gained mutation: You passively map a small area around you.
                  | [potion of mutation]
 24062 | D:10     | Gained mutation: Your spells are a little harder to cast,
                  | but a little more powerful. [potion of mutation]
 24069 | D:10     | HP: 2/54 [something (5)]
 24073 | D:10     | Mangled by a shadow

Illustrated notes

Levels and vault maps discovered:
D:1:      heliophobic_arrival_glass_houses, layout_basic,
          shapermc_ecumenical_altar_gd, serial_curves, eino_curves_03,
          eino_curves_01, serial_shops, shop, nicolae_shop_tiny_waterfront,
          nicolae_shop_tiny_real_fake_doors, shop
D:2:      layout_loops_ring, basic_altar, minivault_11
D:3:      kennysheep_slugbush, layout_basic, lemuel_tele_altar,
          tgw_kikubaaqudgha, hangedman_decor_points, grunt_ministairs_6,
          hex_medium, minmay_gold_behind_fungi, corexii_leaking_fountain
D:4:      layout_loops_corners, mainiacjoe_overflow_swirl, serial_shops,
          nicolae_shop_hallway_stairs, nicolae_shop_tiny_waterfront, shop,
          nicolae_shop_statue_plus, uniq_edmund
D:5:      layout_loops_ring
D:6:      minmay_skewed_foursquare, layout_gridville, serial_shops, shop
D:7:      layout_basic, kennysheep_orc_sif_temple, tso_metal_star,
          okawaru_altar_gauntlet_db, minmay_temple_entry_antechambers,
          minivault_27, uniq_prince_ribbit1, uniq_menkaure
D:8:      layout_basic, gammafunk_ghost_grave, hangedman_decor_push,
          jiyva_altar_1, uniq_maggie
D:9:      minmay_polygon_palace, layout_small_grid,
          nicolae_overflow_hidden_temple, serial_shops,
          nicolae_shop_tiny_statue_garden
D:10:     layout_basic, mainiacjoe_overflow_brackets, david_lair_generic,
          minmay_crystal_room, uniq_urug

Skill      XL: |  1  2  3  4  5  6  7  8  9 10 11 |
---------------+----------------------------------+-----
Spellcasting   | 4 5 6 7 9 10 12 14 | 14.8
Ice Magic      | 5 6 7 8 10 11 | 11.0
Air Magic      | 3 5 6 7 |  7.8
Translocations | 1 2 |  2.2
Necromancy     | 4 |  4.6
Dodging        | |  2.6
Stealth        | |  2.6

Action                     |  1- 3 |  4- 6 |  7- 9 | 10-12 || total
---------------------------+-------+-------+-------+-------++-------
  Melee: Hand axe          |     7 |     7 |     1 |       ||    15
         Spear             |       |       |     1 |     5 ||     6
         Falchion          |       |       |       |     7 ||     7
   Cast: Freeze            |    44 |    77 |    51 |    13 ||   185
         Frozen Ramparts   |     5 |    11 |    31 |    22 ||    69
         Ozocubu's Armour  |     1 |     5 |    19 |    12 ||    37
         Summon Ice Beast  |       |       |    23 |    26 ||    49
         Airstrike         |       |       |    19 |    31 ||    50
         Summon Lightning  |       |       |     2 |    17 ||    19
         Blink             |       |       |     1 |     1 ||     2
         Fulminant Prism   |       |       |       |     1 ||     1
 Invoke: Channel Magic     |       |       |       |     1 ||     1
  Evoke: Wand              |       |       |     1 |     5 ||     6
    Use: Scroll            |     8 |     3 |       |     7 ||    18
         Potion            |     5 |       |     2 |     4 ||    11
 Armour: Robe              |     5 |    17 |     7 |       ||    29
         Steam dragon scal |       |       |     5 |    46 ||    51
  Dodge: Dodged            |    15 |    32 |    51 |    45 ||   143
  Block: Other             |       |       |     4 |    12 ||    16

Table legend: (Time is in decaauts)
 A = Elapsed time spent in this place.
 B = Non-inter-level travel time spent in this place.
 C = Inter-level travel time spent in this place.
 D = Time resting spent in this place.
 E = Time spent auto-exploring this place.
 F = Levels seen in this place.
 G = Mean time per level.
                   A        B        C        D        E       F      G
               +--------+--------+--------+--------+--------+-----+--------+
         Total |  24134 |  23304 |    830 |  11099 |    965 |  10 | 2413.4 |
       Dungeon |  24134 |  23304 |    830 |  11099 |    965 |  10 | 2413.4 |
               +--------+--------+--------+--------+--------+-----+--------+

Top non-repeatable levels by time:
     D:8: 3582 daAuts
     D:9: 3469 daAuts
     D:6: 3148 daAuts
     D:4: 2983 daAuts
     D:3: 2593 daAuts
     D:5: 2146 daAuts
     D:7: 2143 daAuts
     D:2: 1822 daAuts
     D:1: 1608 daAuts
    D:10: 635 daAuts
